2867 views
Uploaded 2020-02-28 21:48:10
Game version 1.32.2
36:45 long 4on4 ladder game on (8)Feralas_LV
Saved by BEARAND
2867 views
Uploaded 2020-02-28 21:48:10
Game version 1.32.2
36:45 long 4on4 ladder game on (8)Feralas_LV


192 units @ 26.9k
/ 5.1k
83 buildings @ 12.2k
/ 4.8k


| Rod of Necromancy | 2 | 300 |
| Potion of Healing | 7 | 1050 |
| Orb of Corruption | 2 | 750 |
| Scroll of Healing | 1 | 250 |
| Scroll of Town Portal | 6 | 2100 |
| Boots of Speed | 1 | 250 |
| Potion of Lesser Invulnerability | 2 | 300 |
| total: | 21 | 5000g |
| Acolyte | 7 | 525 | / | 0 |
| Ghoul | 2 | 240 | / | 0 |
| Crypt Fiend | 6 | 1290 | / | 240 |
| Meat Wagon | 12 | 2760 | / | 600 |
| Obsidian Statue | 1 | 200 | / | 35 |
| Abomination | 2 | 480 | / | 140 |
| total: | 30 | 5495g | / | 1015w |
| Spirit Tower | 4 | 580 | / | 160 |
| Nerubian Tower | 2 | 200 | / | 40 |
| Crypt | 2 | 400 | / | 100 |
| Altar of Darkness | 1 | 180 | / | 50 |
| Graveyard | 1 | 215 | / | 0 |
| Ziggurat | 11 | 1650 | / | 550 |
| Tomb of Relics | 2 | 260 | / | 60 |
| Necropolis | 1 | 225 | / | 0 |
| Slaughterhouse | 2 | 280 | / | 270 |
| Halls of the Dead | 1 | 320 | / | 210 |
| Black Citadel | 1 | 325 | / | 230 |
| total: | 20 | 3210g | / | 1030w |
| 0:05 | Acolyte |
| 0:05 | Acolyte |
| 0:25 | Crypt |
| 0:29 | Altar of Darkness |
| 0:49 | Graveyard |
| 1:04 | Ziggurat |
| 1:30 | Ghoul |
| 1:40 | Ziggurat |
| 1:45 | Tomb of Relics |
| 1:55 | Ghoul |
| 2:13 | Crypt Fiend |
| 2:36 | Crypt Fiend |
| 2:50 | Creature Attack |
| 2:59 | Impale |
| 3:05 | Rod of Necromancy |
| 3:31 | Crypt Fiend |
| 4:13 | Spiked Carapace |
| 4:26 | Halls of the Dead |
| 4:28 | Spirit Tower |
| 4:35 | Ziggurat |
| 5:03 | Crypt Fiend |
| 5:14 | Impale |
| 5:18 | Boots of Speed |
| 5:33 | Crypt Fiend |
| 6:09 | Nerubian Tower |
| 6:21 | Ziggurat |
| 6:58 | Slaughterhouse |
| 7:11 | Potion of Healing |
| 7:25 | Web |
| 7:49 | Scroll of Healing |
| 8:28 | Meat Wagon |
| 8:35 | Slaughterhouse |
| 8:38 | Frost Nova |
| 9:33 | Necropolis |
| 9:41 | Frost Armor |
| 9:50 | Obsidian Statue |
| 10:19 | Meat Wagon |
| 10:39 | Scroll of Town Portal |
| 11:01 | Acolyte |
| 11:01 | Acolyte |
| 11:01 | Acolyte |
| 11:01 | Acolyte |
| 11:03 | Acolyte |
| 11:24 | Ziggurat |
| 11:35 | Ziggurat |
| 12:24 | Exhume Corpses |
| 12:52 | Spirit Tower |
| 12:55 | Black Citadel |
| 12:58 | Crypt |
| 13:45 | Crypt Fiend |
| 13:47 | Improved Creature Attack |
| 14:29 | Meat Wagon |
| 14:52 | Unholy Strength |
| 15:27 | Ziggurat |
| 15:32 | Ziggurat |
| 15:39 | Tomb of Relics |
| 15:45 | Ziggurat |
| 16:01 | Scroll of Town Portal |
| 16:02 | Orb of Corruption |
| 16:49 | Ziggurat |
| 16:54 | Ziggurat |
| 17:29 | Spirit Tower |
| 18:32 | Meat Wagon |
| 18:39 | Potion of Healing |
| 18:46 | Potion of Healing |
| 18:49 | Scroll of Town Portal |
| 18:55 | Orb of Corruption |
| 19:08 | Spirit Tower |
| 19:21 | Improved Unholy Strength |
| 19:42 | Meat Wagon |
| 21:00 | Spiked Carapace |
| 21:05 | Scroll of Town Portal |
| 21:08 | Meat Wagon |
| 21:13 | Potion of Healing |
| 21:33 | Advanced Unholy Strength |
| 21:49 | Potion of Lesser Invulnerability |
| 21:56 | Meat Wagon |
| 22:36 | Meat Wagon |
| 23:24 | Meat Wagon |
| 24:27 | Meat Wagon |
| 24:49 | Potion of Healing |
| 25:01 | Scroll of Town Portal |
| 25:27 | Potion of Lesser Invulnerability |
| 26:51 | Meat Wagon |
| 27:42 | Meat Wagon |
| 27:45 | Unholy Armor |
| 28:46 | Improved Unholy Armor |
| 28:52 | Abomination |
| 28:54 | Abomination |
| 29:01 | Potion of Healing |
| 29:06 | Rod of Necromancy |
| 30:17 | Scroll of Town Portal |
| 30:20 | Potion of Healing |
| 31:06 | Nerubian Tower |
| Right click | 563 |
| Select | 478 |
| Misc. action | 122 |
| Build/train/purchase | 98 |
| Use ability | 35 |
| Item give/drop | 6 |
| Resource trade | 5 |


| Rod of Necromancy | 2 | 300 |
| Orb of Corruption | 2 | 750 |
| Lesser Clarity Potion | 1 | 70 |
| Potion of Healing | 6 | 900 |
| Potion of Mana | 1 | 200 |
| Dust of Appearance | 1 | 75 |
| Scroll of Healing | 2 | 500 |
| Scroll of Town Portal | 2 | 700 |
| total: | 17 | 3495g |
| Acolyte | 9 | 675 | / | 0 |
| Ghoul | 3 | 360 | / | 0 |
| Crypt Fiend | 5 | 1075 | / | 200 |
| Frost Wyrm | 12 | 4620 | / | 1440 |
| total: | 29 | 6730g | / | 1640w |
| Nerubian Tower | 2 | 200 | / | 40 |
| Spirit Tower | 2 | 290 | / | 80 |
| Graveyard | 1 | 215 | / | 0 |
| Crypt | 2 | 400 | / | 100 |
| Altar of Darkness | 1 | 180 | / | 50 |
| Ziggurat | 7 | 1050 | / | 350 |
| Tomb of Relics | 2 | 260 | / | 60 |
| Necropolis | 1 | 225 | / | 0 |
| Sacrificial Pit | 1 | 75 | / | 150 |
| Boneyard | 2 | 350 | / | 400 |
| Halls of the Dead | 1 | 320 | / | 210 |
| Black Citadel | 1 | 325 | / | 230 |
| total: | 17 | 2755g | / | 1110w |
| 0:02 | Acolyte |
| 0:08 | Graveyard |
| 0:12 | Crypt |
| 0:20 | Altar of Darkness |
| 0:38 | Ziggurat |
| 0:47 | Acolyte |
| 1:13 | Ghoul |
| 1:17 | Tomb of Relics |
| 1:38 | Crypt Fiend |
| 1:53 | Ziggurat |
| 2:15 | Crypt Fiend |
| 2:34 | Rod of Necromancy |
| 2:36 | Death Coil |
| 2:44 | Ghoul |
| 3:05 | Ghoul |
| 3:30 | Crypt Fiend |
| 3:31 | Acolyte |
| 3:39 | Unholy Aura |
| 3:48 | Ziggurat |
| 4:30 | Necropolis |
| 4:40 | Rod of Necromancy |
| 4:50 | Acolyte |
| 4:50 | Acolyte |
| 4:52 | Acolyte |
| 5:03 | Acolyte |
| 5:18 | Death Coil |
| 5:26 | Crypt |
| 5:31 | Creature Attack |
| 6:21 | Ziggurat |
| 6:22 | Ziggurat |
| 6:24 | Ziggurat |
| 6:26 | Tomb of Relics |
| 6:36 | Halls of the Dead |
| 6:42 | Nerubian Tower |
| 7:12 | Unholy Aura |
| 7:21 | Crypt Fiend |
| 7:23 | Creature Carapace |
| 7:59 | Nerubian Tower |
| 8:00 | Spirit Tower |
| 8:26 | Crypt Fiend |
| 8:58 | Web |
| 9:07 | Black Citadel |
| 9:09 | Sacrificial Pit |
| 10:03 | Frost Nova |
| 10:22 | Spirit Tower |
| 11:02 | Improved Creature Carapace |
| 11:28 | Orb of Corruption |
| 11:32 | Boneyard |
| 11:35 | Boneyard |
| 11:42 | Dust of Appearance |
| 13:09 | Improved Creature Attack |
| 13:20 | Frost Wyrm |
| 13:48 | Freezing Breath |
| 13:57 | Frost Wyrm |
| 14:35 | Acolyte |
| 15:05 | Advanced Creature Carapace |
| 15:55 | Orb of Corruption |
| 15:59 | Scroll of Healing |
| 16:00 | Scroll of Healing |
| 16:27 | Death Coil |
| 16:53 | Frost Armor |
| 17:33 | Advanced Creature Attack |
| 18:40 | Frost Wyrm |
| 18:50 | Acolyte |
| 19:42 | Frost Wyrm |
| 20:03 | Lesser Clarity Potion |
| 21:40 | Frost Wyrm |
| 21:42 | Frost Wyrm |
| 23:19 | Frost Nova |
| 25:13 | Frost Wyrm |
| 28:00 | Scroll of Town Portal |
| 28:00 | Potion of Healing |
| 28:06 | Frost Wyrm |
| 28:44 | Potion of Healing |
| 28:47 | Potion of Mana |
| 28:49 | Potion of Healing |
| 29:15 | Frost Wyrm |
| 31:32 | Unholy Aura |
| 31:43 | Frost Armor |
| 32:07 | Frost Wyrm |
| 32:10 | Ziggurat |
| 33:09 | Chain Lighting |
| 33:35 | Frost Wyrm |
| 35:02 | Scroll of Town Portal |
| 35:03 | Potion of Healing |
| 35:03 | Potion of Healing |
| 35:09 | Frost Wyrm |
| 36:33 | Potion of Healing |
| Right click | 1373 |
| Select group | 1133 |
| Select | 295 |
| Build/train/purchase | 102 |
| Use ability | 85 |
| Misc. action | 69 |
| Assign group | 35 |
| Item give/drop | 6 |


| Healing Salve | 1 | 100 |
| Lesser Clarity Potion | 1 | 70 |
| Scroll of Speed | 1 | 50 |
| Tiny Great Hall | 1 | 600 |
| Orb of Lightning | 1 | 375 |
| Scroll of Town Portal | 1 | 350 |
| total: | 6 | 1545g |
| Peon | 18 | 1350 | / | 0 |
| Troll Headhunter | 9 | 1260 | / | 180 |
| Demolisher | 6 | 1320 | / | 300 |
| Troll Berserker | 12 | 1680 | / | 240 |
| Shaman | 6 | 780 | / | 120 |
| Kodo Beast | 2 | 510 | / | 120 |
| total: | 53 | 6900g | / | 960w |
| Watch Tower | 7 | 770 | / | 560 |
| Altar of Storms | 1 | 180 | / | 50 |
| Orc Burrow | 8 | 1280 | / | 320 |
| War Mill | 1 | 205 | / | 0 |
| Barracks | 3 | 540 | / | 150 |
| Voodoo Lounge | 1 | 130 | / | 30 |
| Spirit Lodge | 1 | 150 | / | 150 |
| Beastiary | 1 | 145 | / | 140 |
| Stronghold | 1 | 315 | / | 190 |
| Fortress | 1 | 325 | / | 190 |
| total: | 23 | 3400g | / | 1400w |
| 0:02 | Peon |
| 0:02 | Peon |
| 0:06 | Altar of Storms |
| 0:18 | Orc Burrow |
| 0:25 | Peon |
| 0:39 | Peon |
| 0:56 | War Mill |
| 1:01 | Peon |
| 1:01 | Peon |
| 1:19 | Barracks |
| 1:28 | Peon |
| 1:47 | Orc Burrow |
| 1:53 | Peon |
| 2:01 | Peon |
| 2:07 | Feral Spirit |
| 2:23 | Troll Headhunter |
| 2:47 | Troll Headhunter |
| 3:18 | Stronghold |
| 3:18 | Troll Headhunter |
| 3:26 | Voodoo Lounge |
| 3:43 | Troll Headhunter |
| 3:55 | Orc Burrow |
| 4:13 | Troll Headhunter |
| 4:41 | Healing Salve |
| 4:42 | Lesser Clarity Potion |
| 4:43 | Scroll of Speed |
| 4:48 | Troll Headhunter |
| 5:03 | Chain Lighting |
| 5:17 | Steel Ranged Weapons |
| 5:56 | Troll Regeneration |
| 6:22 | Troll Headhunter |
| 6:43 | War Stomp |
| 7:20 | Troll Headhunter |
| 8:00 | Fortress |
| 8:02 | Thorium Ranged Weapons |
| 8:02 | Steel Armor |
| 8:05 | Troll Headhunter |
| 8:19 | Feral Spirit |
| 8:22 | Demolisher |
| 8:23 | Spirit Lodge |
| 8:28 | Orc Burrow |
| 9:37 | Orc Burrow |
| 10:39 | Berserker Upgrade |
| 11:01 | Orc Burrow |
| 11:04 | Shaman Adept Training |
| 11:09 | Beastiary |
| 11:24 | Reinforced Defenses |
| 11:26 | Watch Tower |
| 11:38 | Tiny Great Hall |
| 11:39 | Orb of Lightning |
| 11:41 | Scroll of Town Portal |
| 11:58 | Watch Tower |
| 12:20 | Peon |
| 12:20 | Peon |
| 12:21 | Peon |
| 12:21 | Peon |
| 12:22 | Peon |
| 12:26 | War Drums Damage Increase |
| 12:32 | Shaman Master Training |
| 13:03 | Thorium Armor |
| 13:16 | Troll Berserker |
| 13:19 | Shaman |
| 13:38 | Kodo Beast |
| 13:40 | Troll Berserker |
| 13:42 | Shaman |
| 14:25 | Endurance Aura |
| 14:31 | Kodo Beast |
| 14:33 | Troll Berserker |
| 14:33 | Troll Berserker |
| 14:34 | Shaman |
| 14:34 | Shaman |
| 14:58 | Troll Berserker |
| 15:01 | Orc Burrow |
| 15:09 | Troll Berserker |
| 15:45 | Troll Berserker |
| 15:45 | Troll Berserker |
| 16:04 | Orc Burrow |
| 16:09 | Shaman |
| 16:09 | Shaman |
| 16:11 | Troll Berserker |
| 16:29 | Watch Tower |
| 16:34 | Watch Tower |
| 19:09 | Troll Berserker |
| 19:09 | Troll Berserker |
| 19:09 | Troll Berserker |
| 19:40 | Peon |
| 19:40 | Peon |
| 19:41 | Peon |
| 19:41 | Peon |
| 19:43 | Watch Tower |
| 20:06 | Watch Tower |
| 20:11 | Watch Tower |
| 21:27 | Chain Lighting |
| 22:33 | Barracks |
| 22:35 | Barracks |
| 22:38 | Burning Oil |
| 24:41 | Demolisher |
| 24:42 | Demolisher |
| 24:42 | Demolisher |
| 26:51 | Demolisher |
| 26:51 | Demolisher |
| Right click | 1371 |
| Select group | 1250 |
| Select | 547 |
| Misc. action | 257 |
| Build/train/purchase | 104 |
| Use ability | 52 |
| Assign group | 43 |
| Minimap ping | 19 |
| Resource trade | 4 |
| Item give/drop | 1 |
| Remove unit | 1 |


| Scroll of Regeneration | 2 | 200 |
| Lesser Clarity Potion | 7 | 490 |
| Potion of Mana | 1 | 200 |
| total: | 10 | 890g |
| Peasant | 21 | 1575 | / | 0 |
| Footman | 10 | 1350 | / | 0 |
| Flying Machine | 49 | 4900 | / | 1470 |
| total: | 80 | 7825g | / | 1470w |
| Scout Tower | 1 | 30 | / | 20 |
| Arcane Tower | 1 | 70 | / | 50 |
| Altar of Kings | 1 | 180 | / | 50 |
| Farm | 10 | 800 | / | 200 |
| Barracks | 3 | 480 | / | 180 |
| Arcane Vault | 1 | 130 | / | 30 |
| Town Hall | 1 | 385 | / | 205 |
| Blacksmith | 1 | 140 | / | 60 |
| Lumber Mill | 1 | 120 | / | 0 |
| Workshop | 4 | 560 | / | 560 |
| Keep | 1 | 320 | / | 210 |
| Castle | 2 | 720 | / | 420 |
| total: | 23 | 2825g | / | 1305w |
| 0:10 | Peasant |
| 0:10 | Peasant |
| 0:17 | Altar of Kings |
| 0:20 | Farm |
| 0:24 | Farm |
| 0:29 | Peasant |
| 0:40 | Peasant |
| 0:45 | Barracks |
| 0:55 | Peasant |
| 1:10 | Peasant |
| 1:10 | Peasant |
| 1:29 | Peasant |
| 1:34 | Peasant |
| 1:34 | Peasant |
| 1:42 | Farm |
| 1:53 | Footman |
| 2:10 | Footman |
| 2:22 | Footman |
| 2:27 | Peasant |
| 2:27 | Peasant |
| 2:46 | Footman |
| 2:49 | Peasant |
| 3:04 | Thunder Clap |
| 3:21 | Footman |
| 3:24 | Arcane Vault |
| 3:50 | Town Hall |
| 4:13 | Storm Bolt |
| 4:29 | Scroll of Regeneration |
| 4:42 | Keep |
| 4:52 | Lesser Clarity Potion |
| 5:02 | Peasant |
| 5:33 | Defend |
| 5:34 | Footman |
| 5:36 | Barracks |
| 5:38 | Farm |
| 5:40 | Blacksmith |
| 5:52 | Peasant |
| 5:52 | Peasant |
| 5:52 | Peasant |
| 6:32 | Farm |
| 6:38 | Peasant |
| 6:38 | Peasant |
| 6:41 | Footman |
| 6:47 | Scroll of Regeneration |
| 6:48 | Lesser Clarity Potion |
| 6:48 | Lesser Clarity Potion |
| 6:51 | Lesser Clarity Potion |
| 6:59 | Farm |
| 7:02 | Iron Forged Swords |
| 7:02 | Iron Plating |
| 7:49 | Footman |
| 7:50 | Footman |
| 7:53 | Castle |
| 8:23 | Holy Light |
| 8:41 | Barracks |
| 8:43 | Footman |
| 8:54 | Workshop |
| 8:57 | Workshop |
| 8:59 | Workshop |
| 9:03 | Peasant |
| 9:03 | Peasant |
| 9:16 | Workshop |
| 10:14 | Flak Cannons |
| 10:14 | Flying Machine |
| 10:14 | Flying Machine |
| 10:44 | Lesser Clarity Potion |
| 10:47 | Potion of Mana |
| 10:49 | Flying Machine |
| 10:49 | Flying Machine |
| 10:50 | Flying Machine |
| 11:14 | Flying Machine |
| 11:14 | Flying Machine |
| 11:14 | Flying Machine |
| 11:32 | Scout Tower |
| 11:40 | Lumber Mill |
| 12:03 | Flying Machine Bombs |
| 12:03 | Flying Machine |
| 12:04 | Flying Machine |
| 12:34 | Black Gunpowder |
| 12:42 | Farm |
| 12:43 | Farm |
| 12:44 | Farm |
| 12:45 | Farm |
| 12:57 | Arcane Tower |
| 13:24 | Improved Lumber Harvesting |
| 13:28 | Flying Machine |
| 13:28 | Flying Machine |
| 13:55 | Flying Machine |
| 13:55 | Flying Machine |
| 13:55 | Flying Machine |
| 13:56 | Flying Machine |
| 14:44 | Flying Machine |
| 14:44 | Flying Machine |
| 14:44 | Flying Machine |
| 15:45 | Refined Gunpowder |
| 15:46 | Imbued Gunpowder |
| 15:48 | Flying Machine |
| 15:48 | Flying Machine |
| 15:49 | Flying Machine |
| 15:49 | Flying Machine |
| 17:16 | Flying Machine |
| 17:17 | Flying Machine |
| 17:17 | Flying Machine |
| 18:12 | Flying Machine |
| 18:12 | Flying Machine |
| 19:37 | Flying Machine |
| 19:37 | Flying Machine |
| 19:37 | Flying Machine |
| 20:23 | Flying Machine |
| 20:23 | Flying Machine |
| 20:23 | Flying Machine |
| 20:23 | Flying Machine |
| 20:24 | Flying Machine |
| 21:50 | Storm Bolt |
| 21:57 | Flying Machine |
| 21:57 | Flying Machine |
| 21:58 | Flying Machine |
| 21:58 | Flying Machine |
| 23:56 | Lesser Clarity Potion |
| 24:32 | Flying Machine |
| 24:33 | Flying Machine |
| 24:33 | Flying Machine |
| 24:33 | Flying Machine |
| 25:33 | Thunder Clap |
| 25:44 | Studded Leather Armor |
| 26:05 | Steel Plating |
| 27:20 | Flying Machine |
| 27:20 | Flying Machine |
| 27:20 | Flying Machine |
| 29:52 | Flying Machine |
| 32:07 | Flying Machine |
| 33:51 | Divine Shield |
| 36:06 | Lesser Clarity Potion |
| Right click | 1629 |
| Select | 632 |
| Misc. action | 201 |
| Build/train/purchase | 157 |
| Select group | 140 |
| Assign group | 54 |
| Use ability | 33 |
| Chat | 22 |
| Minimap ping | 14 |
| Remove unit | 2 |
| Esc | 1 |
165 units @ 18.9k
/ 3.1k
265 buildings @ 21.5k
/ 12.2k

| Lesser Clarity Potion | 14 | 980 |
| Healing Salve | 5 | 500 |
| Orb of Lightning | 1 | 375 |
| Potion of Mana | 1 | 200 |
| Potion of Healing | 1 | 150 |
| Staff of Teleportation | 1 | 150 |
| Boots of Speed | 1 | 250 |
| Potion of Lesser Invulnerability | 1 | 150 |
| total: | 25 | 2755g |
| Peon | 19 | 1425 | / | 0 |
| Troll Batrider | 31 | 4960 | / | 1240 |
| total: | 50 | 6385g | / | 1240w |
| Watch Tower | 42 | 4620 | / | 3360 |
| Altar of Storms | 1 | 180 | / | 50 |
| Orc Burrow | 3 | 480 | / | 120 |
| War Mill | 1 | 205 | / | 0 |
| Voodoo Lounge | 2 | 260 | / | 60 |
| Great Hall | 1 | 385 | / | 185 |
| Barracks | 1 | 180 | / | 50 |
| Beastiary | 4 | 580 | / | 560 |
| Stronghold | 1 | 315 | / | 190 |
| Fortress | 1 | 325 | / | 190 |
| total: | 55 | 6890g | / | 4385w |
| 0:03 | Peon |
| 0:04 | Peon |
| 0:07 | Altar of Storms |
| 0:11 | Orc Burrow |
| 0:30 | Peon |
| 0:43 | Peon |
| 0:50 | War Mill |
| 1:01 | Voodoo Lounge |
| 1:09 | Peon |
| 1:19 | Peon |
| 1:29 | Peon |
| 1:46 | Peon |
| 2:00 | Peon |
| 2:03 | Watch Tower |
| 2:07 | Wind Walk |
| 2:09 | Lesser Clarity Potion |
| 2:10 | Lesser Clarity Potion |
| 2:10 | Healing Salve |
| 2:22 | Watch Tower |
| 2:24 | Peon |
| 2:30 | Orc Burrow |
| 2:50 | Watch Tower |
| 3:21 | Stronghold |
| 3:58 | Watch Tower |
| 4:00 | Watch Tower |
| 4:02 | Watch Tower |
| 4:23 | Spiked Barricades |
| 4:27 | Orc Burrow |
| 5:04 | Watch Tower |
| 5:06 | Watch Tower |
| 5:22 | Great Hall |
| 5:28 | Critical Strike |
| 5:41 | Watch Tower |
| 5:43 | Peon |
| 5:43 | Peon |
| 6:21 | Fortress |
| 6:28 | Watch Tower |
| 6:32 | Voodoo Lounge |
| 7:00 | Beastiary |
| 7:07 | Staff of Teleportation |
| 7:07 | Boots of Speed |
| 7:17 | Lesser Clarity Potion |
| 7:17 | Lesser Clarity Potion |
| 7:19 | Healing Salve |
| 7:25 | Beastiary |
| 7:54 | Reinforced Defenses |
| 8:34 | Watch Tower |
| 8:36 | Troll Batrider |
| 8:37 | Peon |
| 8:37 | Peon |
| 8:37 | Peon |
| 8:37 | Peon |
| 9:03 | Watch Tower |
| 9:05 | Watch Tower |
| 9:08 | Troll Batrider |
| 10:02 | Lesser Clarity Potion |
| 10:05 | Healing Salve |
| 10:10 | Troll Batrider |
| 10:13 | Watch Tower |
| 10:15 | Watch Tower |
| 10:17 | Watch Tower |
| 10:23 | Lesser Clarity Potion |
| 10:26 | Orb of Lightning |
| 10:35 | Troll Batrider |
| 10:52 | Wind Walk |
| 11:03 | Watch Tower |
| 11:16 | Liquid Fire |
| 11:33 | Peon |
| 11:36 | Watch Tower |
| 11:59 | Watch Tower |
| 12:31 | Troll Batrider |
| 12:31 | Troll Batrider |
| 12:45 | Peon |
| 12:46 | Peon |
| 12:58 | Troll Batrider |
| 13:09 | Troll Batrider |
| 13:17 | Lesser Clarity Potion |
| 13:25 | Watch Tower |
| 13:31 | Watch Tower |
| 14:07 | Troll Batrider |
| 14:30 | Watch Tower |
| 14:33 | Watch Tower |
| 14:35 | Beastiary |
| 14:42 | Beastiary |
| 15:29 | Troll Batrider |
| 15:29 | Troll Batrider |
| 15:44 | Troll Batrider |
| 15:47 | Troll Batrider |
| 15:51 | Troll Batrider |
| 15:55 | Watch Tower |
| 16:25 | Critical Strike |
| 16:44 | Troll Batrider |
| 16:54 | Watch Tower |
| 17:04 | Steel Armor |
| 17:06 | Barracks |
| 17:13 | Watch Tower |
| 17:14 | Watch Tower |
| 17:36 | Watch Tower |
| 17:37 | Watch Tower |
| 17:37 | Watch Tower |
| 18:08 | Troll Batrider |
| 18:08 | Troll Batrider |
| 18:11 | Watch Tower |
| 18:14 | Watch Tower |
| 18:47 | Troll Batrider |
| 19:03 | Watch Tower |
| 19:03 | Watch Tower |
| 19:44 | Troll Batrider |
| 19:48 | Watch Tower |
| 19:53 | Lesser Clarity Potion |
| 19:54 | Healing Salve |
| 20:07 | Troll Batrider |
| 20:10 | Watch Tower |
| 20:12 | Watch Tower |
| 21:42 | Troll Batrider |
| 21:42 | Troll Batrider |
| 21:47 | Watch Tower |
| 22:16 | Wind Walk |
| 22:42 | Watch Tower |
| 22:43 | Watch Tower |
| 22:43 | Watch Tower |
| 22:43 | Watch Tower |
| 23:46 | Troll Batrider |
| 24:16 | Troll Batrider |
| 24:44 | Troll Batrider |
| 24:56 | Troll Batrider |
| 26:33 | Potion of Lesser Invulnerability |
| 27:11 | Lesser Clarity Potion |
| 27:13 | Healing Salve |
| 27:35 | Bladestorm |
| 27:42 | Troll Batrider |
| 28:03 | Lesser Clarity Potion |
| 28:35 | Troll Batrider |
| 29:12 | Lesser Clarity Potion |
| 31:37 | Troll Batrider |
| 31:42 | Lesser Clarity Potion |
| 32:12 | Lesser Clarity Potion |
| 32:20 | Potion of Mana |
| 32:22 | Potion of Healing |
| 33:43 | Critical Strike |
| 34:12 | Lesser Clarity Potion |
| 34:37 | Troll Batrider |
| 34:39 | Troll Batrider |
| Right click | 1895 |
| Select group | 606 |
| Select | 368 |
| Build/train/purchase | 242 |
| Use ability | 168 |
| Chat | 158 |
| Assign group | 55 |
| Misc. action | 45 |
| Resource trade | 16 |
| Item give/drop | 13 |
| Esc | 2 |
| Minimap ping | 2 |



| Ivory Tower | 3 | 120 |
| Mechanical Critter | 1 | 50 |
| Staff of Sanctuary | 3 | 750 |
| Lesser Clarity Potion | 2 | 140 |
| Potion of Mana | 1 | 200 |
| Boots of Speed | 3 | 750 |
| Staff of Teleportation | 3 | 450 |
| Periapt of Vitality | 2 | 650 |
| Healing Salve | 1 | 100 |
| Orb of Lightning | 2 | 750 |
| total: | 21 | 3960g |
| Peasant | 15 | 1125 | / | 0 |
| Priest | 1 | 135 | / | 10 |
| Dragonhawk Rider | 3 | 600 | / | 90 |
| Sorceress | 4 | 620 | / | 80 |
| total: | 23 | 2480g | / | 180w |
| Scout Tower | 135 | 4050 | / | 2700 |
| Arcane Tower | 8 | 560 | / | 400 |
| Guard Tower | 83 | 5810 | / | 4150 |
| Altar of Kings | 1 | 180 | / | 50 |
| Farm | 5 | 400 | / | 100 |
| Lumber Mill | 2 | 240 | / | 0 |
| Arcane Vault | 6 | 780 | / | 180 |
| Town Hall | 1 | 385 | / | 205 |
| Blacksmith | 1 | 140 | / | 60 |
| Barracks | 1 | 160 | / | 60 |
| Arcane Sanctum | 1 | 150 | / | 140 |
| Gryphon Aviary | 3 | 420 | / | 450 |
| Keep | 1 | 320 | / | 210 |
| Castle | 1 | 360 | / | 210 |
| total: | 156 | 6905g | / | 3945w |
| 0:02 | Peasant |
| 0:02 | Peasant |
| 0:07 | Altar of Kings |
| 0:23 | Farm |
| 0:32 | Peasant |
| 0:37 | Farm |
| 0:54 | Peasant |
| 0:55 | Peasant |
| 1:00 | Peasant |
| 1:12 | Lumber Mill |
| 1:15 | Peasant |
| 1:24 | Scout Tower |
| 1:34 | Peasant |
| 1:39 | Peasant |
| 1:47 | Scout Tower |
| 1:54 | Scout Tower |
| 1:57 | Arcane Tower |
| 1:59 | Scout Tower |
| 2:07 | Blizzard |
| 2:22 | Scout Tower |
| 2:24 | Arcane Tower |
| 2:24 | Scout Tower |
| 2:46 | Peasant |
| 2:46 | Peasant |
| 2:46 | Peasant |
| 2:46 | Peasant |
| 2:52 | Guard Tower |
| 2:52 | Scout Tower |
| 2:53 | Scout Tower |
| 2:55 | Scout Tower |
| 2:56 | Scout Tower |
| 3:00 | Peasant |
| 3:00 | Peasant |
| 3:19 | Guard Tower |
| 3:32 | Guard Tower |
| 3:34 | Scout Tower |
| 3:35 | Scout Tower |
| 3:52 | Guard Tower |
| 3:52 | Arcane Tower |
| 3:54 | Arcane Vault |
| 4:07 | Arcane Tower |
| 4:13 | Scout Tower |
| 4:14 | Scout Tower |
| 4:30 | Scout Tower |
| 4:30 | Scout Tower |
| 4:31 | Scout Tower |
| 4:36 | Scout Tower |
| 4:38 | Guard Tower |
| 4:39 | Scout Tower |
| 4:40 | Scout Tower |
| 4:40 | Scout Tower |
| 4:43 | Guard Tower |
| 4:44 | Keep |
| 4:45 | Improved Masonry |
| 4:50 | Scout Tower |
| 5:01 | Brilliance Aura |
| 5:05 | Guard Tower |
| 5:05 | Guard Tower |
| 5:07 | Scout Tower |
| 5:07 | Scout Tower |
| 5:08 | Scout Tower |
| 5:08 | Scout Tower |
| 5:15 | Guard Tower |
| 5:16 | Guard Tower |
| 5:18 | Scout Tower |
| 5:19 | Scout Tower |
| 5:21 | Scout Tower |
| 5:40 | Guard Tower |
| 5:41 | Guard Tower |
| 5:54 | Scout Tower |
| 5:55 | Scout Tower |
| 5:56 | Scout Tower |
| 5:59 | Farm |
| 6:02 | Farm |
| 6:05 | Guard Tower |
| 6:14 | Guard Tower |
| 6:14 | Scout Tower |
| 6:15 | Guard Tower |
| 6:19 | Scout Tower |
| 6:20 | Scout Tower |
| 6:20 | Scout Tower |
| 6:23 | Boots of Speed |
| 6:27 | Staff of Teleportation |
| 6:53 | Guard Tower |
| 6:53 | Guard Tower |
| 6:56 | Scout Tower |
| 6:57 | Scout Tower |
| 6:57 | Scout Tower |
| 6:58 | Scout Tower |
| 7:38 | Town Hall |
| 7:42 | Guard Tower |
| 7:42 | Guard Tower |
| 7:44 | Scout Tower |
| 7:44 | Scout Tower |
| 7:45 | Scout Tower |
| 7:45 | Scout Tower |
| 7:46 | Scout Tower |
| 7:46 | Scout Tower |
| 7:46 | Scout Tower |
| 7:47 | Scout Tower |
| 7:52 | Guard Tower |
| 7:55 | Advanced Masonry |
| 8:46 | Storm Bolt |
| 8:51 | Guard Tower |
| 8:52 | Guard Tower |
| 8:53 | Scout Tower |
| 8:54 | Scout Tower |
| 8:54 | Scout Tower |
| 8:55 | Scout Tower |
| 8:58 | Scout Tower |
| 8:58 | Scout Tower |
| 8:59 | Scout Tower |
| 8:59 | Scout Tower |
| 9:02 | Improved Lumber Harvesting |
| 9:29 | Guard Tower |
| 9:32 | Lumber Mill |
| 9:34 | Arcane Sanctum |
| 9:40 | Boots of Speed |
| 9:43 | Periapt of Vitality |
| 9:47 | Guard Tower |
| 10:20 | Scout Tower |
| 10:21 | Scout Tower |
| 10:21 | Scout Tower |
| 10:21 | Scout Tower |
| 10:22 | Scout Tower |
| 10:22 | Scout Tower |
| 10:23 | Scout Tower |
| 10:23 | Scout Tower |
| 10:32 | Castle |
| 10:34 | Guard Tower |
| 10:36 | Guard Tower |
| 10:37 | Guard Tower |
| 10:40 | Scout Tower |
| 10:40 | Scout Tower |
| 10:41 | Scout Tower |
| 10:41 | Scout Tower |
| 10:42 | Scout Tower |
| 10:42 | Scout Tower |
| 10:56 | Arcane Vault |
| 10:59 | Magic Sentry |
| 11:04 | Arcane Vault |
| 11:12 | Gryphon Aviary |
| 11:23 | Guard Tower |
| 11:24 | Guard Tower |
| 11:26 | Guard Tower |
| 11:51 | Guard Tower |
| 11:54 | Guard Tower |
| 12:00 | Guard Tower |
| 12:07 | Scout Tower |
| 12:09 | Scout Tower |
| 12:10 | Scout Tower |
| 12:22 | Gryphon Aviary |
| 12:23 | Arcane Vault |
| 12:27 | Scout Tower |
| 12:28 | Arcane Vault |
| 12:35 | Priest |
| 12:43 | Blizzard |
| 12:46 | Guard Tower |
| 12:47 | Guard Tower |
| 12:50 | Scout Tower |
| 12:51 | Scout Tower |
| 12:52 | Scout Tower |
| 12:53 | Scout Tower |
| 12:53 | Scout Tower |
| 13:05 | Boots of Speed |
| 13:05 | Periapt of Vitality |
| 13:18 | Healing Salve |
| 13:31 | Ivory Tower |
| 13:31 | Ivory Tower |
| 13:32 | Ivory Tower |
| 13:33 | Mechanical Critter |
| 13:40 | Arcane Tower |
| 13:43 | Arcane Vault |
| 13:45 | Scout Tower |
| 13:45 | Scout Tower |
| 14:05 | Scout Tower |
| 14:08 | Scout Tower |
| 14:11 | Guard Tower |
| 14:15 | Arcane Tower |
| 14:24 | Guard Tower |
| 14:34 | Imbued Masonry |
| 14:37 | Guard Tower |
| 14:40 | Scout Tower |
| 14:40 | Scout Tower |
| 14:40 | Scout Tower |
| 14:41 | Scout Tower |
| 14:41 | Scout Tower |
| 14:42 | Scout Tower |
| 14:44 | Holy Light |
| 14:50 | Staff of Teleportation |
| 14:53 | Orb of Lightning |
| 15:03 | Guard Tower |
| 15:06 | Scout Tower |
| 15:09 | Scout Tower |
| 15:10 | Scout Tower |
| 15:11 | Scout Tower |
| 15:12 | Scout Tower |
| 15:18 | Staff of Sanctuary |
| 15:22 | Staff of Sanctuary |
| 15:29 | Arcane Tower |
| 15:31 | Guard Tower |
| 15:33 | Staff of Sanctuary |
| 15:48 | Scout Tower |
| 15:48 | Scout Tower |
| 15:49 | Scout Tower |
| 15:49 | Scout Tower |
| 15:50 | Scout Tower |
| 15:50 | Scout Tower |
| 15:51 | Scout Tower |
| 15:51 | Scout Tower |
| 15:52 | Scout Tower |
| 15:52 | Scout Tower |
| 15:57 | Guard Tower |
| 16:52 | Staff of Teleportation |
| 16:57 | Guard Tower |
| 17:06 | Orb of Lightning |
| 17:25 | Scout Tower |
| 17:27 | Scout Tower |
| 17:30 | Scout Tower |
| 17:30 | Scout Tower |
| 17:33 | Arcane Tower |
| 17:33 | Guard Tower |
| 17:34 | Guard Tower |
| 18:00 | Bash |
| 18:23 | Guard Tower |
| 18:51 | Guard Tower |
| 19:00 | Scout Tower |
| 19:00 | Scout Tower |
| 19:01 | Scout Tower |
| 19:02 | Scout Tower |
| 19:03 | Scout Tower |
| 19:04 | Scout Tower |
| 19:04 | Scout Tower |
| 19:05 | Guard Tower |
| 19:08 | Scout Tower |
| 19:08 | Scout Tower |
| 19:08 | Scout Tower |
| 19:09 | Scout Tower |
| 19:38 | Guard Tower |
| 19:47 | Guard Tower |
| 19:50 | Guard Tower |
| 19:55 | Priest Adept Training |
| 19:55 | Sorceress Adept Training |
| 19:59 | Divine Shield |
| 20:21 | Guard Tower |
| 20:23 | Guard Tower |
| 20:25 | Guard Tower |
| 20:28 | Scout Tower |
| 20:43 | Storm Bolt |
| 21:14 | Guard Tower |
| 21:16 | Guard Tower |
| 21:19 | Scout Tower |
| 21:21 | Brilliance Aura |
| 21:39 | Guard Tower |
| 21:56 | Lesser Clarity Potion |
| 21:59 | Guard Tower |
| 22:03 | Blacksmith |
| 22:06 | Barracks |
| 22:07 | Gryphon Aviary |
| 22:09 | Farm |
| 22:14 | Guard Tower |
| 22:23 | Guard Tower |
| 22:32 | Guard Tower |
| 22:33 | Scout Tower |
| 22:34 | Scout Tower |
| 23:15 | Guard Tower |
| 23:18 | Animal War Training |
| 23:20 | Dragonhawk Rider |
| 23:20 | Studded Leather Armor |
| 23:27 | Cloud |
| 23:29 | Dragonhawk Rider |
| 23:31 | Guard Tower |
| 24:19 | Holy Light |
| 24:28 | Sorceress |
| 24:29 | Sorceress |
| 24:29 | Sorceress |
| 24:29 | Sorceress Master Training |
| 24:42 | Dragonhawk Rider |
| 24:42 | Iron Forged Swords |
| 24:42 | Reinforced Leather Armor |
| 25:31 | Lesser Clarity Potion |
| 25:33 | Potion of Mana |
| 26:23 | Sorceress |
| 27:15 | Steel Forged Swords |
| 27:15 | Dragonhide Armor |
| 27:41 | Bash |
| 27:58 | Scout Tower |
| 27:59 | Scout Tower |
| 27:59 | Scout Tower |
| 27:59 | Scout Tower |
| 28:00 | Scout Tower |
| 28:04 | Scout Tower |
| 28:29 | Guard Tower |
| 29:08 | Guard Tower |
| 30:36 | Guard Tower |
| 31:35 | Blizzard |
| 33:07 | Scout Tower |
| 33:08 | Scout Tower |
| 33:09 | Scout Tower |
| 33:10 | Scout Tower |
| 33:10 | Scout Tower |
| 33:11 | Scout Tower |
| 33:35 | Guard Tower |
| 33:52 | Guard Tower |
| 34:36 | Guard Tower |
| 36:13 | Divine Shield |
| Right click | 3498 |
| Select | 1291 |
| Chat | 448 |
| Select group | 433 |
| Build/train/purchase | 330 |
| Use ability | 129 |
| Misc. action | 21 |
| Assign group | 19 |
| Item give/drop | 12 |
| Minimap ping | 8 |
| Esc | 1 |

| Lesser Clarity Potion | 3 | 210 |
| Orb of Lightning | 1 | 375 |
| Boots of Speed | 1 | 250 |
| Circlet of Nobility | 1 | 175 |
| Staff of Teleportation | 1 | 150 |
| Scroll of Regeneration | 1 | 100 |
| total: | 8 | 1260g |
| Peon | 20 | 1500 | / | 0 |
| Troll Batrider | 42 | 6720 | / | 1680 |
| total: | 62 | 8220g | / | 1680w |
| Watch Tower | 30 | 3300 | / | 2400 |
| Altar of Storms | 1 | 180 | / | 50 |
| Orc Burrow | 3 | 480 | / | 120 |
| War Mill | 1 | 205 | / | 0 |
| Voodoo Lounge | 1 | 130 | / | 30 |
| Great Hall | 1 | 385 | / | 185 |
| Beastiary | 2 | 290 | / | 280 |
| Stronghold | 1 | 315 | / | 190 |
| Fortress | 1 | 325 | / | 190 |
| total: | 39 | 4970g | / | 3065w |
| 0:01 | Peon |
| 0:04 | Altar of Storms |
| 0:05 | Peon |
| 0:15 | Peon |
| 0:18 | Orc Burrow |
| 0:25 | Peon |
| 0:48 | War Mill |
| 0:53 | Peon |
| 1:03 | Peon |
| 1:17 | Peon |
| 1:23 | Voodoo Lounge |
| 1:30 | Peon |
| 1:58 | Peon |
| 1:59 | Watch Tower |
| 2:06 | Serpent Ward |
| 2:22 | Peon |
| 2:35 | Watch Tower |
| 2:51 | Watch Tower |
| 3:32 | Stronghold |
| 4:05 | Watch Tower |
| 4:39 | Great Hall |
| 4:44 | Watch Tower |
| 5:19 | Healing Wave |
| 5:23 | Watch Tower |
| 5:24 | Watch Tower |
| 5:36 | Steel Ranged Weapons |
| 5:41 | Lesser Clarity Potion |
| 5:50 | Watch Tower |
| 6:20 | Fortress |
| 7:03 | Watch Tower |
| 7:25 | Beastiary |
| 7:32 | Beastiary |
| 7:49 | Peon |
| 7:49 | Peon |
| 7:49 | Peon |
| 7:49 | Peon |
| 8:16 | Watch Tower |
| 8:39 | Orc Burrow |
| 8:44 | Peon |
| 8:45 | Peon |
| 8:45 | Peon |
| 8:48 | Liquid Fire |
| 9:01 | Boots of Speed |
| 9:03 | Circlet of Nobility |
| 9:08 | Staff of Teleportation |
| 9:10 | Peon |
| 9:10 | Peon |
| 9:13 | Watch Tower |
| 9:14 | Watch Tower |
| 9:23 | Watch Tower |
| 9:43 | Orc Burrow |
| 10:18 | Reinforced Defenses |
| 10:19 | Troll Batrider |
| 10:21 | Troll Batrider |
| 10:21 | Troll Batrider |
| 10:37 | Watch Tower |
| 10:39 | Peon |
| 11:18 | Troll Batrider |
| 11:18 | Troll Batrider |
| 11:30 | Troll Batrider |
| 11:32 | Watch Tower |
| 11:33 | Watch Tower |
| 11:44 | Watch Tower |
| 11:45 | Watch Tower |
| 11:47 | Serpent Ward |
| 11:56 | Steel Armor |
| 12:25 | Troll Batrider |
| 13:22 | Thorium Ranged Weapons |
| 13:27 | Watch Tower |
| 13:30 | Watch Tower |
| 13:30 | Watch Tower |
| 14:05 | Healing Wave |
| 14:12 | Watch Tower |
| 14:13 | Watch Tower |
| 14:15 | Troll Batrider |
| 14:23 | Scroll of Regeneration |
| 14:26 | Orb of Lightning |
| 15:47 | Watch Tower |
| 15:48 | Watch Tower |
| 15:51 | Thorium Armor |
| 15:51 | Arcanite Ranged Weapons |
| 16:37 | Troll Batrider |
| 17:03 | Troll Batrider |
| 17:03 | Troll Batrider |
| 17:10 | Troll Batrider |
| 17:15 | Watch Tower |
| 17:17 | Watch Tower |
| 17:18 | Watch Tower |
| 17:21 | Troll Batrider |
| 17:57 | Troll Batrider |
| 17:58 | Troll Batrider |
| 18:40 | Troll Batrider |
| 18:40 | Troll Batrider |
| 18:40 | Troll Batrider |
| 19:03 | Troll Batrider |
| 19:06 | Watch Tower |
| 19:24 | Troll Batrider |
| 19:24 | Troll Batrider |
| 19:44 | Lesser Clarity Potion |
| 20:18 | Watch Tower |
| 21:19 | Troll Batrider |
| 21:19 | Troll Batrider |
| 21:19 | Troll Batrider |
| 21:20 | Troll Batrider |
| 21:49 | Troll Batrider |
| 22:34 | Troll Batrider |
| 22:34 | Troll Batrider |
| 23:20 | Troll Batrider |
| 23:20 | Troll Batrider |
| 23:39 | Troll Batrider |
| 24:24 | Troll Batrider |
| 24:24 | Troll Batrider |
| 24:45 | Arcanite Armor |
| 24:48 | Troll Batrider |
| 27:45 | Healing Wave |
| 29:42 | Troll Batrider |
| 31:49 | Troll Batrider |
| 31:49 | Troll Batrider |
| 32:09 | Troll Batrider |
| 33:30 | Big Bad Voodoo |
| 33:37 | Lesser Clarity Potion |
| 36:24 | Troll Batrider |
| 36:24 | Troll Batrider |
| 36:26 | Troll Batrider |
| 36:26 | Troll Batrider |
| Right click | 2107 |
| Assign group | 580 |
| Select group | 544 |
| Select | 369 |
| Build/train/purchase | 281 |
| Use ability | 152 |
| Chat | 44 |
| Resource trade | 16 |
| Misc. action | 6 |
| Item give/drop | 6 |
| Minimap ping | 2 |



| Orb of Venom | 1 | 325 |
| Staff of Teleportation | 3 | 450 |
| Boots of Speed | 3 | 750 |
| Circlet of Nobility | 4 | 700 |
| Healing Salve | 1 | 100 |
| Staff of Sanctuary | 3 | 750 |
| total: | 15 | 3075g |
| Wisp | 30 | 1800 | / | 0 |
| total: | 30 | 1800g | / | 0w |
| Altar of Elders | 1 | 180 | / | 50 |
| Moon Well | 10 | 1800 | / | 400 |
| Tree of Life | 1 | 340 | / | 185 |
| Hunter's Hall | 1 | 210 | / | 100 |
| Ancient of Wonders | 2 | 180 | / | 60 |
| Tree of Ages | 1 | 320 | / | 180 |
| Tree of Eternity | 1 | 330 | / | 200 |
| total: | 15 | 2710g | / | 795w |
| 0:01 | Wisp |
| 0:04 | Altar of Elders |
| 0:09 | Wisp |
| 0:17 | Moon Well |
| 0:20 | Wisp |
| 0:33 | Moon Well |
| 0:39 | Wisp |
| 0:46 | Wisp |
| 0:58 | Wisp |
| 1:09 | Wisp |
| 1:18 | Wisp |
| 1:29 | Wisp |
| 1:49 | Wisp |
| 2:06 | Force of Nature |
| 2:14 | Wisp |
| 2:21 | Wisp |
| 3:13 | Wisp |
| 3:14 | Wisp |
| 3:50 | Tree of Ages |
| 4:08 | Staff of Teleportation |
| 4:09 | Boots of Speed |
| 4:17 | Entangling Roots |
| 5:06 | Moon Well |
| 5:08 | Moon Well |
| 5:14 | Moon Well |
| 5:19 | Moon Well |
| 6:22 | Incinerate |
| 6:46 | Tree of Eternity |
| 7:25 | Tree of Life |
| 7:28 | Healing Salve |
| 9:14 | Hunter's Hall |
| 9:23 | Staff of Teleportation |
| 9:24 | Boots of Speed |
| 10:35 | Wisp |
| 10:37 | Well Spring |
| 10:41 | Wisp |
| 10:51 | Wisp |
| 10:51 | Wisp |
| 10:52 | Wisp |
| 10:52 | Wisp |
| 10:53 | Wisp |
| 11:03 | Frost Arrows |
| 11:19 | Boots of Speed |
| 11:20 | Circlet of Nobility |
| 11:30 | Wisp |
| 11:46 | Staff of Teleportation |
| 11:54 | Wisp |
| 12:14 | Wisp |
| 12:15 | Wisp |
| 12:16 | Wisp |
| 12:29 | Ancient of Wonders |
| 12:36 | Wisp |
| 12:59 | Soul Burn |
| 13:10 | Entangling Roots |
| 13:12 | Staff of Sanctuary |
| 13:20 | Staff of Sanctuary |
| 13:49 | Circlet of Nobility |
| 14:41 | Wisp |
| 14:41 | Wisp |
| 14:41 | Wisp |
| 14:48 | Circlet of Nobility |
| 15:22 | Moon Well |
| 15:38 | Staff of Sanctuary |
| 15:54 | Nature's Blessing |
| 15:58 | Moon Well |
| 17:00 | Forked Lightning |
| 18:02 | Incinerate |
| 19:50 | Ancient of Wonders |
| 22:09 | Circlet of Nobility |
| 24:15 | Thorns Aura |
| 24:29 | Frost Arrows |
| 24:40 | Orb of Venom |
| 29:17 | Soul Burn |
| 31:22 | Entangling Roots |
| 33:09 | Moon Well |
| 33:10 | Moon Well |
| 36:14 | Forked Lightning |
| 36:21 | Soul Burn |
| Right click | 2504 |
| Select | 1182 |
| Select group | 786 |
| Resource trade | 172 |
| Chat | 151 |
| Assign group | 141 |
| Use ability | 128 |
| Build/train/purchase | 76 |
| Minimap ping | 21 |
| Item give/drop | 3 |
| Misc. action | 1 |
⇛